 Dungeon Crawl Stone Soup version 0.29.1-2-gbd0b4ee654 (webtiles) character file.

Game seed: 13208924652758526640

252 GorkyZ the Shield-Bearer (level 6, 0/48 HPs)
             Began as a Formicid Fighter on Nov 21, 2022.
             Slain by Duvessa
             ... wielding a +0 short sword
              (3 damage)
             ... on level 4 of the Dungeon.
             The game lasted 00:10:21 (3041 turns).

GorkyZ the Shield-Bearer (Formicid Fighter)         Turns: 3041, Time: 00:10:22

Health: 0/48       AC:  8    Str: 22    XL:     6   Next: 36%
Magic:  6/6        EV: 10    Int:  8    God:
Gold:   144        SH:  5    Dex: 13    Spells: 5/5 levels left

rFire   . . .      SeeInvis +   a - +0 war axe
rCold   . . .      Faith    .   c - +0 buckler
rNeg    . . .      Spirit   .   b - +0 scale mail
rPois   .          Reflect  .   (helmet unavailable)
rElec   .          Harm     .   (no cloak)
rCorr   .          Rampage  .   (no gloves)
Will    .....                   i - +0 pair of boots
Stlth   ..........              (no amulet)
HPRegen 0.16/turn               (no ring)
MPRegen 0.10/turn               (no ring)

@: no status effects
A: permanent stasis, dig shafts and tunnels, antennae 3, four strong arms
a: Dig, Shaft Self


You were on level 4 of the Dungeon.
You visited 1 branch of the dungeon, and saw 4 of its levels.

You collected 157 gold pieces.
You spent 13 gold pieces at shops.

Inventory:

Hand Weapons
 a - a +0 war axe (weapon)
Missiles
 r - 7 poisoned darts (quivered)
 t - 3 boomerangs of dispersal
Armour
 b - a +0 scale mail (worn)
 c - a +0 buckler (worn)
 i - a +0 pair of boots (worn)
 m - a +0 ring mail
Jewellery
 k - a ring of ice
Wands
 x - a wand of digging (4)
 y - a wand of flame (15)
Scrolls
 f - 2 scrolls of enchant armour {unknown}
 j - a scroll of magic mapping {unknown}
 l - a scroll of vulnerability {unknown}
 n - 6 scrolls of identify {unknown}
 o - a scroll of poison {unknown}
 p - a scroll of amnesia {unknown}
 s - a scroll of enchant weapon {unknown}
Potions
 d - a potion of might
 e - 2 potions of flight {unknown}
 g - a potion of ambrosia {unknown}
 h - 7 potions of curing {unknown}
 q - 2 potions of heal wounds {unknown}
 u - a potion of lignification {unknown}
 v - a potion of brilliance {unknown}
 w - 2 potions of degeneration
 z - a potion of resistance {unknown}


   Skills:
 + Level 4.0 Fighting
 + Level 2.9 Axes
 + Level 1.8 Throwing
 + Level 4.0 Armour
 + Level 1.9 Dodging
 + Level 5.1 Shields
 + Level 1.9 Evocations


You had 5 spell levels left.
You didn't know any spells.
Your spell library contained the following spells:

 Spells                   Type           Power      Damage    Failure   Level
 Apportation              Tloc           0%         N/A       80%         1
 Foxfire                  Conj/Fire      0%         2x1d4     80%         1
 Necrotise                Necr           0%         1d4       80%         1
 Summon Small Mammal      Summ           0%         N/A       80%         1
 Conjure Flame            Conj/Fire      0%         6-21      99%         3
 Inner Flame              Hex/Fire       0%         N/A       99%         3
 Portal Projectile        Hex/Tloc       0%         N/A       99%         3
 Tukima's Dance           Hex            0%         N/A       99%         3
 Flame Wave               Conj/Fire      0%         2d4       100%        4
 Blade Hands              Tmut           0%         N/A       100%        5


Dungeon Overview and Level Annotations

Branches:
Dungeon (4/15)
 Temple: D:4-7

Altars:
Okawaru

Shops:
D:4 !

Annotations:
D:4 Dowan, Duvessa


Innate Abilities, Weirdness & Mutations

You cannot be hasted, slowed, berserked, paralysed or teleported.
You can dig through walls and to a lower floor.
You have a pair of large antennae on your head. (SInv)
Your four strong arms can wield two-handed weapons with a shield.


Message History

Duvessa misses you. Dowan misses you.
You are too injured to fight recklessly!
You are too injured to fight recklessly!
Unknown command.
Dowan attacks as you move away! Dowan barely misses you.
Duvessa hits you but does no damage. Duvessa attacks as you move away!
Duvessa hits you with a +0 short sword. Duvessa attacks as you move away!
Duvessa hits you with a +0 short sword. x2
Duvessa attacks as you move away! Duvessa hits you with a +0 short sword.
Throw: 9 darts (poison)
Press: ? - help, Q - select action, (/) - cycle Shift-Dir - straight line, f - Duvessa
Aim: Duvessa, wielding a +0 short sword and wearing a +0 leather armour (fast, 63% to hit)
You throw a poisoned dart. The poisoned dart hits Duvessa.
Duvessa is poisoned.
Duvessa gestures with her weapon.
Duvessa closely misses you. Dowan hits you but does no damage.
Duvessa hits you but does no damage.
Throw: 8 darts (poison)
Press: ? - help, Q - select action, (/) - cycle Shift-Dir - straight line, f/p - Duvessa
Aim: Duvessa, wielding a +0 short sword and wearing a +0 leather armour (lightly wounded, fast, poisoned, 63% to hit)
You throw a poisoned dart. The poisoned dart hits Duvessa.
Duvessa looks even sicker.
Duvessa is lightly wounded.
You block Duvessa's attack. Dowan hits you but does no damage.
You closely miss Duvessa.
Duvessa is lightly wounded.
You slash Dowan! Duvessa hits you with a +0 short sword.
Dowan casts a spell.
Dowan blinks!
You block Duvessa's attack.
You slash Duvessa!
Duvessa is moderately wounded.
Duvessa closely misses you. Dowan gestures at you while chanting.
The puff of frost hits you.
* * * LOW HITPOINT WARNING * * *
Duvessa hits you with a +0 short sword.
* * * LOW HITPOINT WARNING * * *
You hit Duvessa.
Duvessa is heavily wounded.
Duvessa hits you with a +0 short sword.
You die...

....# #.. +...'.......
....##'# #####..#....
.....# ###..#....
#..##+## +.#.##.##.
##.....# #......##.
#......#+# ###.#.......
#..#......# +...#.......
##.#..e...###...........
..##..@....##..........
... #...............#..#
#........................
##.##.............#......
..##.#..##e...##.####
......#.####...# ##
##........ #...# .
#.....# ##.## #. ##


You could see Duvessa (fast, very poisoned) and Dowan.

Vanquished Creatures
  2 jellies (D:4)
  7 gnolls (D:3)
  2 adders (D:2)
  An ufetubus (D:4)
  3 dart slugs
  9 orcs (D:3)
  7 endoplasms
  2 giant cockroaches
  4 goblins (D:1)
  2 hobgoblins (D:1)
  12 jackals
  A quokka (D:1)
  5 ball pythons
  3 bats
  3 frilled lizards
  7 kobolds
  5 rats
75 creatures vanquished.

Notes
Turn   | Place    | Note
-------+----------+-------------------------------------------
     0 | D:1      | GorkyZ the Formicid Fighter began the quest for the Orb.
     0 | D:1      | Reached XP level 1. HP: 18/18 MP: 1/1
    72 | D:1      | Reached XP level 2. HP: 23/24 MP: 2/2
   393 | D:1      | Reached XP level 3. HP: 29/29 MP: 3/3
   525 | D:1      | Found a faded altar of an unknown god.
  1152 | D:2      | Reached skill level 1 in Throwing
  1210 | D:2      | Reached skill level 1 in Evocations
  1210 | D:2      | Reached XP level 4. HP: 34/35 MP: 4/4
  1260 | D:2      | Reached skill level 1 in Dodging
  1766 | D:3      | Reached XP level 5. HP: 39/42 MP: 5/5
  2449 | D:4      | Found an iron altar of Okawaru.
  2480 | D:4      | Found Nuaggiwu's Distillery.
  2493 | D:4      | Bought a potion of degeneration for 13 gold pieces
  2656 | D:4      | Reached skill level 5 in Shields
  2656 | D:4      | Reached XP level 6. HP: 18/48 MP: 6/6
  3023 | D:4      | Noticed Dowan
  3025 | D:4      | Noticed Duvessa
  3041 | D:4      | Slain by Duvessa

Illustrated notes

Levels and vault maps discovered:
D:1:      mrwooster_arrival_statue_2, layout_loops_ring,
          hellmonk_ecumenical_altar_leap_of_faith
D:2:      layout_rooms
D:3:      layout_rooms, kennysheep_nub, grunt_ministairs_6
D:4:      nicolae_cairo_tiling_large, layout_cave_pools, okawaru_gym_becter,
          serial_shops, nicolae_stop_n_shop_1, st_stairs_4, uniq_duvessa,
          uniq_robin

Skill      XL: |  1  2  3  4  5  6 |
---------------+-------------------+-----
Throwing       | 1 |  1.8
Evocations     | 1 |  1.9
Dodging        | 1 |  1.9
Fighting       | 4 |  4.0
Shields        | 5 |  5.1
Armour         | 4 |  4.0
Axes           | |  2.9

Action                   |  1- 3 |  4- 6 || total
-------------------------+-------+-------++-------
Melee: War axe           |    90 |   129 ||   219
Throw: Dart              |       |     2 ||     2
Armor: Scale mail        |    51 |    50 ||   101
Dodge: Dodged            |    44 |    75 ||   119
Block: Buckler           |    26 |    44 ||    70
